[Event "Late-Titled-Tuesday-Blitz-July-09-2024"]
[Site "Chess.com"]
[Date "2024.07.09"]
[Round "11"]
[White "ritanovikova"]
[Black "klercaku"]
[Result "0-1"]
[WhiteElo "2154"]
[BlackElo "2379"]
[TimeControl "180+1"]
[EndTime "16:04:00 PDT"]
[Termination "klercaku won on time"]

1. e4 e5 2. Nf3 Nc6 3. Bc4 Bc5 4. c3 Nf6 5. d4 exd4 6. cxd4 Bb4+ 7. Bd2 Bxd2+ 8.
Nbxd2 d5 9. exd5 Nxd5 10. O-O O-O 11. Rc1 Be6 12. Ne4 Bg4 13. Be2 Nf4 14. Rxc6 bxc6 15.
h3 Nxe2+ 16. Qxe2 Bxf3 17. Qxf3 Qxd4 18. Nc3 Rab8 19. Qxc6 Rxb2 20. Qxc7 Rc2 21. Nb5 Rxc7 22. Nxd4 Rd8 23. Nb3 Rc2 24. Ra1 Rb2 25. f3 g6 26.
Kh2 Rc8 27. Nd4 Rc4 28. Rd1 Rxa2 29. f4 a5 30. f5 gxf5 31. Nxf5 h5 32. h4 Rcc2 33.
Ne3 Re2 34. Rd3 a4 35. Kh3 Rab2 36. Nc4 Rb3 0-1

[Event "Late-Titled-Tuesday-Blitz-July-09-2024"]
[Site "Chess.com"]
[Date "2024.07.09"]
[Round "11"]
[White "pinelone"]
[Black "JAN2404"]
[Result "1-0"]
[WhiteElo "2393"]
[BlackElo "2116"]
[TimeControl "180+1"]
[EndTime "16:04:03 PDT"]
[Termination "pinelone won on time"]

1. Nf3 c5 2. c3 Nf6 3. d4 cxd4 4. cxd4 g6 5. Nc3 Bg7 6. e4 d6 7. h3 O-O 8. Be3 Nc6 9. d5 Nb8 10. Be2 a5 11. O-O Na6 12. Nd4 Nc5 13. f3 Bd7 14.
Rc1 Rc8 15. Bb5 Nh5 16. a4 Ng3 17. Rf2 h5 18. Rfc2 Bxd4 19. Bxd4 Nb3 20. Rb1 Bxb5 21. Nxb5 Rxc2 22. Qxc2 Nxd4 23. Nxd4 Qb6 24. Rd1 e5 25. dxe6 fxe6 26. Qf2 e5 27. Qxg3 exd4 28. Qxg6+ Kh8 29.
Qh6+ Kg8 30. Qg6+ Kh8 31. Qxh5+ Kg8 32. Qg5+ Kh8 33. Qd2 Qb3 34. Qxd4+ 1-0

[Event "Late-Titled-Tuesday-Blitz-July-09-2024"]
[Site "Chess.com"]
[Date "2024.07.09"]
[Round "11"]
[White "merinasian"]
[Black "Chigorinetz"]
[Result "0-1"]
[WhiteElo "2468"]
[BlackElo "2628"]
[TimeControl "180+1"]
[EndTime "16:04:07 PDT"]
[Termination "Chigorinetz won by resignation"]

1. d4 d5 2. Nf3 Nc6 3. g3 Bf5 4. Bg2 Nb4 5. Na3 e6 6. O-O Nf6 7. c4 c6 8. Nh4 Bg4 9. h3 Bh5 10. g4 Nd7 11. Nf3 Bg6 12. Bf4 h5 13. g5 h4 14. Qd2 a5 15. c5 Be7 16. Rfe1 Be4 17.
Rad1 b6 18. cxb6 Qxb6 19. Nb1 Nxa2 20. Nc3 Nxc3 21. bxc3 a4 22. Ne5 Nxe5 23. Bxe4 Nc4 24. Qa2 Qb3 25. Bb1 Kd7 26. Qc2 Qxc2 27. Bxc2 Bd6 28.
Bxd6 Kxd6 29. Ra1 a3 30. Ra2 Rhb8 31. Rea1 Rb2 32. Bd3 Rxa2 33. Rxa2 Nb2 34. Bc2 c5 35. Kf1 cxd4 36. cxd4 Rc8 37. Rxa3 Rxc2 38. Ra6+ Rc6 39. Ra7 Rc7 40. Ra8 g6 41. Rh8 Rc1+ 42. Kg2 Rc2 43. e3 Nd1 44. Rxh4 Rxf2+ 45. Kg3 Re2 46. Rf4 Rxe3+ 47. Kg4 Re4 0-1

[Event "Late-Titled-Tuesday-Blitz-July-09-2024"]
[Site "Chess.com"]
[Date "2024.07.09"]
[Round "11"]
[White "MusicCityMaster"]
[Black "wild3000"]
[Result "0-1"]
[WhiteElo "2495"]
[BlackElo "2453"]
[TimeControl "180+1"]
[EndTime "16:04:11 PDT"]
[Termination "wild3000 won by resignation"]

1. d4 d5 2. c4 c6 3. Nf3 Nf6 4. e3 Bg4 5. Nc3 e6 6. h3 Bxf3 7. Qxf3 Be7 8. Bd2 O-O 9. Bd3 Nbd7 10. e4 dxe4 11. Nxe4 Nxe4 12. Qxe4 Nf6 13. Qh4 c5 14.
Bc3 cxd4 15. Bxd4 e5 16. O-O-O exd4 17. Rhe1 Re8 18. g4 Ne4 19. Qh5 Bg5+ 20. f4 g6 21.
Rxe4 gxh5 22. Rxd4 Qf6 23. fxg5 Qxg5+ 24. Kb1 Rad8 25. Bf5 Rxd4 26. Rxd4 Qf6 27. Rf4 Qe5 28. Re4 Qxe4+ 29. Bxe4 Rxe4 30. gxh5 Rxc4 31. h6 Rc5 32. b4 Rh5 33. Kb2 Rxh3 34. a4 Rxh6 35. Kc3 Rh4 0-1

[Event "Late-Titled-Tuesday-Blitz-July-09-2024"]
[Site "Chess.com"]
[Date "2024.07.09"]
[Round "11"]
[White "AmbartsumianTyhran2012"]
[Black "Hirna2005"]
[Result "1-0"]
[WhiteElo "2625"]
[BlackElo "2443"]
[TimeControl "180+1"]
[EndTime "16:04:12 PDT"]
[Termination "AmbartsumianTyhran2012 won by resignation"]

1. e4 g6 2. d4 Bg7 3. Nc3 d6 4. Be3 a6 5. a4 Nc6 6. h3 e5 7. dxe5 Nxe5 8. f4 Nc6 9. Bc4 Nge7 10. Nf3 O-O 11. Qd2 Be6 12. Nd5 Bxd5 13. exd5 Nf5 14. dxc6 Nxe3 15. Qxe3 Re8 16. Ne5 Bxe5 17. O-O Bf6 18. Qb3 Bd4+ 19. Kh1 Re3 20. Bxf7+ Kg7 21.
Qc4 Bxb2 22. Rab1 Bc3 23. cxb7 Rb8 24. Bd5 Qh4 25. Qxc7+ Kh6 26. Bf3 Ree8 27. Qxc3 Qxf4 28. Bc6 Qe3 29. Qxe3+ Rxe3 30. Rfd1 Rc3 31. Rxd6 Rxc2 32. Bf3 Kg5 33. Rxa6 Kf4 34. Kh2 g5 35. Ra8 g4 36.
hxg4 1-0

[Event "Late-Titled-Tuesday-Blitz-July-09-2024"]
[Site "Chess.com"]
[Date "2024.07.09"]
[Round "11"]
[White "JunjiCol"]
[Black "GMRafpig"]
[Result "1-0"]
[WhiteElo "2496"]
[BlackElo "2765"]
[TimeControl "180+1"]
[EndTime "16:04:13 PDT"]
[Termination "JunjiCol won by resignation"]

1. e4 c5 2. Nf3 d6 3. Bb5+ Bd7 4. Bxd7+ Qxd7 5. c4 e5 6. O-O Nc6 7. Nc3 Be7 8. Nd5 Nf6 9. d3 Nxd5 10. cxd5 Nd8 11.
Bd2 O-O 12. a3 f5 13. b4 c4 14. Qe2 cxd3 15. Qxd3 fxe4 16. Qxe4 Qf5 17. Qxf5 Rxf5 18. Rfe1 Rc8 19. Nd4 Rf7 20. Nb5 a6 21. Na7 Ra8 22.
Be3 Bf8 23. Rac1 Rd7 24. Nc8 Rf7 25. Nb6 Rb8 26. Rc2 Be7 27. Rec1 Bf6 28. Nc8 Be7 29.
Rc7 Bf8 30. Nb6 Rxc7 31. Rxc7 Nf7 32. Nd7 Rd8 33. Rxb7 Rc8 34. h3 e4 35. a4 Ne5 36.
Nxe5 dxe5 37. b5 axb5 38. axb5 Bd6 39. Rd7 Bb8 40. b6 Kf8 41. b7 1-0

[Event "Late-Titled-Tuesday-Blitz-July-09-2024"]
[Site "Chess.com"]
[Date "2024.07.09"]
[Round "11"]
[White "Gyulamiryan-koryun"]
[Black "shirovin"]
[Result "1-0"]
[WhiteElo "1942"]
[BlackElo "2074"]
[TimeControl "180+1"]
[EndTime "16:04:17 PDT"]
[Termination "Gyulamiryan-koryun won on time"]

1. e4 c5 2. Nf3 d6 3. d4 cxd4 4.
Nxd4 Nf6 5. Nc3 a6 6. Be3 e5 7. Nb3 Be6 8. f3 h5 9. Qd2 Nbd7 10. O-O-O Be7 11. Na4 b5 12. Nc3 Rc8 13. Bxb5 axb5 14.
Nxb5 Bxb3 15. axb3 Nc5 16. Bxc5 Rxc5 17. Nxd6+ Bxd6 18.
Qxd6 Qxd6 19. Rxd6 O-O 20. c4 Rb8 21. Kc2 h4 22. Rhd1 Nh5 23. Rd8+ Rxd8 24. Rxd8+ Kh7 25. Rd5 Rxd5 26. exd5 Kg8 27. c5 Kf8 28. d6 Ke8 29. c6 Nf6 30. Kd3 Kd8 31. b4 Ne8 32. d7 Nf6 33. b5 Nd5 34. Ke4 Nb4 35. Kxe5 Kc7 36.
Kd4 Nc2+ 37. Kc5 Ne1 38. b6+ Kd8 39. Kd6 1-0

[Event "Late-Titled-Tuesday-Blitz-July-09-2024"]
[Site "Chess.com"]
[Date "2024.07.09"]
[Round "11"]
[White "ninjatrick"]
[Black "manitodeplomo"]
[Result "1-0"]
[WhiteElo "2515"]
[BlackElo "2601"]
[TimeControl "180+1"]
[EndTime "16:04:20 PDT"]
[Termination "ninjatrick won by resignation"]

1. Nf3 g6 2. d4 Bg7 3. c4 c5 4. d5 e6 5. Nc3 exd5 6. cxd5 d6 7.
e4 a6 8. a4 Ne7 9. Be2 O-O 10.
O-O Bg4 11. a5 Nd7 12. Bf4 Bxf3 13. Bxf3 Ne5 14. Be2 f5 15. Bg5 h6 16. Bxe7 Qxe7 17. f4 Nd7 18. exf5 gxf5 19. Kh1 Nf6 20. Bf3 Ne4 21. Bxe4 fxe4 22. Qg4 Kh8 23. Rae1 Bxc3 24. bxc3 Rf6 25. Re3 Re8 26. Rfe1 Qh7 27. g3 Rf7 28. c4 Rfe7 29. f5 Qg7 30. Qf4 b5 31. axb6 Qg5 32. Qxg5 hxg5 33. f6 Rf7 34. Rxe4 Rxe4 35. Rxe4 Rxf6 36.
Re8+ Kg7 37. b7 1-0

[Event "Late-Titled-Tuesday-Blitz-July-09-2024"]
[Site "Chess.com"]
[Date "2024.07.09"]
[Round "11"]
[White "zsoltkorpics"]
[Black "RodriQA"]
[Result "1-0"]
[WhiteElo "2498"]
[BlackElo "2435"]
[TimeControl "180+1"]
[EndTime "16:04:20 PDT"]
[Termination "zsoltkorpics won on time"]

1. e4 c6 2. Nf3 d5 3. Nc3 dxe4 4. Nxe4 Nf6 5. Qe2 Bf5 6. Nxf6+ gxf6 7. d4 Na6 8. c3 Qd5 9. g3 e5 10. Bg2 O-O-O 11.
O-O Qd7 12. Nh4 exd4 13. Nxf5 Qxf5 14. cxd4 Nb4 15. Be3 h5 16. h4 Nc2 17. Rac1 Nxe3 18. fxe3 Qd7 19. Kh2 Kb8 20. Rxf6 Bd6 21. e4 Rdg8 22.
e5 Bb4 23. Qc4 Ba5 24. Rxf7 Qg4 25. Qb3 Bb6 26. d5 Rg6 27. dxc6 bxc6 28. Bxc6 Qe2+ 29. Bg2 Rhg8 30. Rb7+ 1-0

[Event "Late-Titled-Tuesday-Blitz-July-09-2024"]
[Site "Chess.com"]
[Date "2024.07.09"]
[Round "11"]
[White "TioCridineno"]
[Black "Kostukov_Alex"]
[Result "1-0"]
[WhiteElo "2447"]
[BlackElo "2329"]
[TimeControl "180+1"]
[EndTime "16:04:22 PDT"]
[Termination "TioCridineno won on time"]

1. e4 c5 2. Nf3 g6 3. c3 Bg7 4. d4 cxd4 5. cxd4 d5 6. e5 Bg4 7.
Bb5+ Nc6 8. h3 Bxf3 9. Qxf3 Nh6 10. O-O O-O 11. Bxc6 bxc6 12. Qc3 Nf5 13. Be3 Qb6 14. Nd2 f6 15. exf6 Bxf6 16. Nb3 e5 17. dxe5 Nxe3 18. fxe3 Bg5 19. Rae1 Rxf1+ 20. Kxf1 Rf8+ 21. Kg1 Bh4 22. Re2 Qa6 23. Qc2 Qxa2 24. Kh2 Qa4 25. Nd4 Qxc2 26.
Rxc2 Bf2 27. Rc3 c5 28. Rxc5 Bxe3 29. Rxd5 Bxd4 30. Rxd4 Re8 31. Rd5 h5 32. Ra5 Re7 33. Kg3 Kf7 34. Kf4 Ke6 35. Ra6+ Kd5 36. Rd6+ Kc5 37.
Rxg6 a5 38. Kf5 Rb7 39. Ra6 Kb5 40. Ra8 Ka4 41. e6 Rxb2 42. e7 Rf2+ 43. Kg5 Rxg2+ 44. Kxh5 Re2 45. e8=Q+ Rxe8 46. Rxe8 1-0

[Event "Late-Titled-Tuesday-Blitz-July-09-2024"]
[Site "Chess.com"]
[Date "2024.07.09"]
[Round "11"]
[White "petr577"]
[Black "KevinGeorgeMicheal"]
[Result "0-1"]
[WhiteElo "2415"]
[BlackElo "2550"]
[TimeControl "180+1"]
[EndTime "16:04:27 PDT"]
[Termination "KevinGeorgeMicheal won on time"]

1. d4 Nf6 2. c4 e6 3. Nf3 c5 4.
d5 exd5 5. cxd5 d6 6. Nc3 g6 7. e4 Bg7 8. Be2 O-O 9. O-O Re8 10.
Nd2 a6 11. a4 Nbd7 12. Qc2 Ne5 13. h3 g5 14. Nc4 Nxc4 15. Bxc4 h6 16. f4 g4 17. e5 dxe5 18. f5 gxh3 19. gxh3 Kh7 20. Kh1 Kh8 21. Be3 Nh5 22. f6 Bxf6 23. Rg1 Bg5 24. Bxg5 hxg5 25. Ne4 Bf5 26. Raf1 Nf4 27. Re1 b5 28. axb5 axb5 29. Bd3 Qxd5 30. Rxg5 Bg6 31.
Rxg6 fxg6 32. Bxb5 Reb8 33. Bc4 Qd4 34. b3 Kg7 35. Rg1 Ra1 36. Rxa1 Qxa1+ 37. Kh2 Ra8 38. b4 Ra3 39. Nf2 Qd4 0-1

[Event "Late-Titled-Tuesday-Blitz-July-09-2024"]
[Site "Chess.com"]
[Date "2024.07.09"]
[Round "11"]
[White "SharathRk6"]
[Black "ZakinIlay2306"]
[Result "1-0"]
[WhiteElo "2433"]
[BlackElo "2312"]
[TimeControl "180+1"]
[EndTime "16:04:29 PDT"]
[Termination "SharathRk6 won by checkmate"]

1. e4 c5 2. Nf3 Nc6 3. Bb5 g6 4. O-O Bg7 5. Bxc6 dxc6 6. d3 e5 7. a4 a5 8. Na3 Qc7 9. Be3 b6 10.
Nc4 Be6 11. c3 Bxc4 12. dxc4 Nf6 13. Qc2 O-O 14. Rfd1 Rfd8 15. b3 h6 16. h3 Rd7 17.
Rxd7 Nxd7 18. Rd1 Nf8 19. Qc1 Kh7 20. Qd2 Ne6 21. Qc1 Bf8 22. Kf1 Rd8 23. Ke2 Bg7 24.
Rxd8 Qxd8 25. Qd2 Qc7 26. g3 g5 27. Qd3 Bf6 28. Nh2 h5 29. Ke1 Be7 30. Qd1 Kg6 31.
Nf3 f6 32. h4 g4 33. Nh2 Kf7 34. f3 gxf3 35. Qxf3 Ng7 36. g4 hxg4 37. Nxg4 Qd6 38. h5 Ne6 39. h6 Nf4 40. Bxf4 exf4 41. h7 Kg7 42. Qh3 Kh8 43. Nh6 Qd1+ 44. Kxd1 Bf8 45. Nf7+ Kg7 46. h8=Q+ Kxf7 47. Q3h7+ Bg7 48. Q8xg7+ Ke6 49. Qf5+ Kd6 50. Qgd7# 1-0

[Event "Late-Titled-Tuesday-Blitz-July-09-2024"]
[Site "Chess.com"]
[Date "2024.07.09"]
[Round "11"]
[White "sammartin99"]
[Black "GlavkonVVS"]
[Result "1-0"]
[WhiteElo "2435"]
[BlackElo "2555"]
[TimeControl "180+1"]
[EndTime "16:04:31 PDT"]
[Termination "sammartin99 won by checkmate"]

1. d4 Nf6 2. c4 c5 3. d5 e6 4.
Nc3 exd5 5. cxd5 d6 6. Nf3 g6 7. Nd2 Bg7 8. e4 O-O 9. Be2 a6 10. a4 Re8 11. O-O Nbd7 12. Qc2 Rb8 13. f4 c4 14.
Bxc4 b5 15. axb5 axb5 16. Bd3 b4 17. Na4 Nb6 18. Nf3 b3 19. Qxb3 Nxe4 20. Be3 Nc5 21. Bxc5 dxc5 22. Nxc5 Qxd5 23. Qxd5 Nxd5 24. g3 Bxb2 25.
Rab1 Nc3 26. Rbe1 Bh3 27. Rxe8+ Rxe8 28. Re1 Rc8 29. Ne4 Nd5 30. Nfg5 Bf5 31. Nd6 Bd4+ 32. Kh1 Bxd3 33. Nxc8 h6 34. Nf3 Bf6 35. Nd6 Nc3 36.
Kg2 g5 37. Re8+ Kg7 38. Rc8 Ne4 39. Ne8+ Kg6 40. Nxf6 Nxf6 41. fxg5 hxg5 42. Ne5+ Kf5 43. Nxd3 Ne4 44. Rc5+ Nxc5 45. Nxc5 Kg4 46. Ne4 f5 47. Nf6# 1-0

[Event "Late-Titled-Tuesday-Blitz-July-09-2024"]
[Site "Chess.com"]
[Date "2024.07.09"]
[Round "11"]
[White "Vaporwaffle94"]
[Black "rionelG"]
[Result "1-0"]
[WhiteElo "2315"]
[BlackElo "2396"]
[TimeControl "180+1"]
[EndTime "16:04:31 PDT"]
[Termination "Vaporwaffle94 won on time"]

1. e4 c5 2. Nf3 d6 3. d4 cxd4 4.
Nxd4 Nf6 5. Nc3 a6 6. a3 e6 7. Bg5 Be7 8. Qd2 Qc7 9. O-O-O b5 10. Nb3 Nbd7 11. Kb1 Bb7 12. f3 h5 13. Be2 Rc8 14. Bxb5 axb5 15. Nxb5 Qb6 16. Nxd6+ Bxd6 17. Qxd6 Qxd6 18.
Rxd6 Rc6 19. Rhd1 Rxd6 20. Rxd6 Ke7 21. Rd4 Rc8 22. Rb4 Rc7 23. f4 Bxe4 24. Rxe4 Kd6 25.
Rd4+ Ke7 26. a4 Ra7 27. a5 Ke8 28. Ra4 Nd5 29. Nd4 Nc5 30. Ra3 f6 31. Bh4 Nxf4 32.
b4 Ne4 33. b5 e5 34. b6 Rb7 35. Nb3 Nc3+ 36. Ka1 Nb5 37. Nc5 Rb8 38. b7 Nxa3 39.
a6 Nb5 40. c4 Na7 41. Bf2 Kd8 42. Ne6+ Nxe6 43. Bxa7 Kc7 44. Kb2 Rxb7+ 45. axb7 Kxb7 46. Bf2 Kc6 47. Kc3 Nd8 48. Kd3 Nb7 49. Ke4 Nd6+ 50. Kd3 e4+ 51. Kd4 f5 52. Bg3 Nf7 53. h4 g6 54. Bf2 Kd6 55. Ke3 Ke5 56. Bg3+ Ke6 57.
Kd4 Nd8 58. c5 Nc6+ 59. Kc4 Kd7 60. Kd5 Ne7+ 61. Ke5 Kc6 62. Kf6 Nd5+ 63. Kxg6 e3 64. Kxh5 f4 65. Be1 Kxc5 66. Kg5 Kd4 67. h5 1-0

[Event "Late-Titled-Tuesday-Blitz-July-09-2024"]
[Site "Chess.com"]
[Date "2024.07.09"]
[Round "11"]
[White "eightbyeightchess"]
[Black "VitorBronson"]
[Result "0-1"]
[WhiteElo "2376"]
[BlackElo "2495"]
[TimeControl "180+1"]
[EndTime "16:04:33 PDT"]
[Termination "VitorBronson won by resignation"]

1. e4 c5 2. Nf3 d6 3. d4 cxd4 4. Qxd4 Nc6 5. Bb5 Bd7 6. Bxc6 Bxc6 7. Nc3 Nf6 8. Bg5 e6 9. O-O-O Be7 10. Qd3 O-O 11.
Nd4 Bd7 12. f4 Re8 13. f5 a6 14. fxe6 fxe6 15. h4 b5 16. h5 h6 17. Bxf6 Bxf6 18.
Nce2 b4 19. Qb3 a5 20. Rhf1 Be5 21. Nf4 Qg5 22. g3 a4 23. Qxb4 Reb8 24. Qc4 a3 25. b3 Qxg3 26. Ndxe6 Rc8 27. Nc7+ Kh7 28. Nfd5 Ra7 29.
Rg1 Qh3 30. Rdf1 Be6 31. Nxe6 Rxc4 32. Nf8+ Kg8 33. Ng6 Rc8 34. Nde7+ Rxe7 35. Nxe7+ Kh7 36. Nxc8 Qc3 37. Rf8 Qe3+ 38. Kd1 Qxg1+ 39. Kd2 Qd4+ 40. Ke2 Qxe4+ 41. Kd2 Bf4+ 42. Kd1 Qf3+ 43. Ke1 Bg3+ 44. Kd2 Qxf8 0-1

[Event "Late-Titled-Tuesday-Blitz-July-09-2024"]
[Site "Chess.com"]
[Date "2024.07.09"]
[Round "11"]
[White "WPWPWP-2015"]
[Black "Djager97"]
[Result "0-1"]
[WhiteElo "2523"]
[BlackElo "2642"]
[TimeControl "180+1"]
[EndTime "16:04:34 PDT"]
[Termination "Djager97 won on time"]

1. e4 e5 2. Nf3 Nc6 3. Bb5 a6 4. Bxc6 dxc6 5. h3 Bd6 6. O-O Ne7 7. d3 f6 8. Nbd2 Be6 9. c3 Ng6 10.
Re1 Qe7 11. d4 O-O-O 12. Nf1 h5 13. a4 Qd7 14. Kh2 exd4+ 15. Kg1 dxc3 16. Qe2 Bb4 17. Rb1 c2 18. Qxc2 Bxe1 19. Nxe1 Qd1 20. Qc3 Ne5 21. Ne3 Qb3 22. Qc5 Qa2 23. Bd2 Qxb1 24. Bc3 Kb8 25. Kh2 Nd3 26. Nxd3 Qxd3 27. Qe7 Qxe4 28. Ba5 Qe5+ 29. g3 Rhe8 30. Qb4 Rd4 31. Qe1 h4 0-1

[Event "Late-Titled-Tuesday-Blitz-July-09-2024"]
[Site "Chess.com"]
[Date "2024.07.09"]
[Round "11"]
[White "IlanSchnaider"]
[Black "KebabJangles"]
[Result "1/2-1/2"]
[WhiteElo "2806"]
[BlackElo "2411"]
[TimeControl "180+1"]
[EndTime "16:04:37 PDT"]
[Termination "Game drawn by repetition"]

1. e4 c5 2. Nf3 e6 3. d4 cxd4 4.
Nxd4 a6 5. c4 Nf6 6. Nc3 Bb4 7. Qd3 Qc7 8. a3 Be7 9. Be2 Nc6 10. O-O Nxd4 11. Qxd4 d6 12. Bg5 h6 13. Bh4 O-O 14. Rad1 Bd7 15. f4 Bc6 16. Bf3 Rfd8 17.
Bf2 b5 18. Kh1 Qb7 19. cxb5 axb5 20. Rfe1 Nd7 21. Qd2 Nb6 22. Qc2 Nc4 23. Ne2 e5 24. f5 Bg5 25. Nc3 b4 26. Nd5 Bxd5 27. Rxd5 Rac8 28.
Qb3 Nd2 29. Qxb4 Qxb4 30. axb4 Nxf3 31. gxf3 Rc2 32. Bb6 Rb8 33. Rxd6 Rxb2 34. Bc5 Bf4 35. Red1 Rxh2+ 36. Kg1 Rb2 37. Rd8+ Rxd8 38. Rxd8+ Kh7 39.
Rd7 Kg8 40. Rb7 h5 41. Bf2 Rb1+ 42. Kg2 Rb2 43. Kf1 Rb1+ 44. Kg2 Rb2 45. Kf1 Rb1+ 46.
Kg2 1/2-1/2

[Event "Late-Titled-Tuesday-Blitz-July-09-2024"]
[Site "Chess.com"]
[Date "2024.07.09"]
[Round "11"]
[White "TOCANTINS_TO"]
[Black "glucolisis04"]
[Result "0-1"]
[WhiteElo "2054"]
[BlackElo "2262"]
[TimeControl "180+1"]
[EndTime "16:04:47 PDT"]
[Termination "glucolisis04 won by resignation"]

1. e4 e5 2. Nf3 Nc6 3. Bc4 Bc5 4. O-O Nf6 5. d3 d6 6. c3 O-O 7.
Nbd2 a6 8. b4 Ba7 9. a4 Bg4 10. a5 Ne7 11. h3 Bh5 12. Qb3 c6 13. d4 d5 14. Bd3 exd4 15. e5 Ne4 16. cxd4 Nxd2 17. Nxd2 Bxd4 18. Bxh7+ Kh8 19. Ra3 Bxe5 20. Bd3 Bg6 21. Nf3 Bf6 22. Bg5 Nf5 23. Bxf6 Qxf6 24. Qc2 Ne7 25. Re1 Rfe8 26. Bxg6 Qxg6 27. Qd2 Nf5 28. Ne5 Qf6 29. Nd7 Rxe1+ 30. Qxe1 Qe6 31. Nc5 Qxe1+ 0-1

[Event "Late-Titled-Tuesday-Blitz-July-09-2024"]
[Site "Chess.com"]
[Date "2024.07.09"]
[Round "11"]
[White "tptagain"]
[Black "Fandorine"]
[Result "0-1"]
[WhiteElo "3040"]
[BlackElo "2949"]
[TimeControl "180+1"]
[EndTime "16:04:49 PDT"]
[Termination "Fandorine won by resignation"]

1. d4 Nf6 2. Nf3 g6 3. Bg5 Bg7 4. Nbd2 O-O 5. e4 d6 6. h3 Nc6 7. Bb5 Nd7 8. c3 a6 9. Ba4 b5 10. Bc2 Qe8 11. O-O e5 12. d5 Ne7 13. a4 Nb6 14. axb5 axb5 15. Rxa8 Nxa8 16. Qa1 Bd7 17. Qa7 h6 18. Bxe7 Qxe7 19. Ra1 Qd8 20. b4 Nb6 21.
Bd3 f5 22. Qb7 Na4 23. Bxb5 Bxb5 24. Qxb5 Nxc3 25. Qd3 Nxe4 26. Nxe4 fxe4 27. Qxe4 Kh7 28. g3 Qf6 29. Kg2 Qxf3+ 30. Qxf3 Rxf3 0-1

[Event "Late-Titled-Tuesday-Blitz-July-09-2024"]
[Site "Chess.com"]
[Date "2024.07.09"]
[Round "11"]
[White "Boundless_Strike"]
[Black "bazar-wokzal"]
[Result "1-0"]
[WhiteElo "2818"]
[BlackElo "2657"]
[TimeControl "180+1"]
[EndTime "16:04:53 PDT"]
[Termination "Boundless_Strike won on time"]

1. d4 Nf6 2. Nc3 d5 3. e4 dxe4 4. f3 exf3 5. Nxf3 Bg4 6. h3 Bh5 7. g4 Bg6 8. Ne5 e6 9. Bg2 c6 10. h4 Bb4 11. O-O Bxc3 12. bxc3 Be4 13. Bxe4 Nxe4 14.
Qf3 O-O 15. Qxe4 Qxh4 16. Kg2 f5 17. Qf3 Qe7 18. a4 c5 19. Ba3 Na6 20. Rae1 Rf6 21. g5 Rff8 22. Qh5 g6 23. Nxg6 hxg6 24. Qxg6+ Qg7 25. Qxe6+ Qf7 26. Rxf5 Qxe6 27. Rxf8+ Rxf8 28. Rxe6 Rf5 29. g6 cxd4 30. cxd4 Ra5 31. Bd6 1-0

[Event "Late-Titled-Tuesday-Blitz-July-09-2024"]
[Site "Chess.com"]
[Date "2024.07.09"]
[Round "11"]
[White "noblerone"]
[Black "brm72"]
[Result "0-1"]
[WhiteElo "2468"]
[BlackElo "2643"]
[TimeControl "180+1"]
[EndTime "16:04:54 PDT"]
[Termination "brm72 won on time"]

1. d4 Nf6 2. Nf3 e6 3. Bg5 c5 4. e3 b6 5. Nbd2 Bb7 6. c3 d6 7.
Bd3 Nbd7 8. O-O Be7 9. a4 a6 10.
Qe2 O-O 11. e4 h6 12. Bh4 Nh5 13. Bxe7 Qxe7 14. g3 Nhf6 15. Rfe1 e5 16. dxe5 Nxe5 17. Nxe5 dxe5 18. Nc4 Qc7 19. f3 b5 20. Ne3 c4 21.
Bc2 g6 22. Red1 Rfd8 23. axb5 axb5 24. Rxa8 Rxa8 25. Nd5 Bxd5 26. exd5 Rd8 27. Be4 Qc5+ 28. Qf2 Qxf2+ 29. Kxf2 Ne8 30. Ra1 f5 31. Bc2 Rxd5 32. Ke3 Kf7 33. Ra7+ Kf6 34. g4 f4+ 35. Ke2 Rd6 36. Be4 Rb6 37. h4 Nd6 38. Rh7 Nxe4 39. fxe4 b4 40. Rxh6 Kg7 41. g5 bxc3 42. bxc3 Rb2+ 43.
Kd1 Rh2 44. Ke1 Rh3 45. Kd2 Re3 46. h5 gxh5 47. Rxh5 Kg6 48. Rh8 Kxg5 49. Rg8+ Kf6 50. Rf8+ Ke7 51. Rc8 Rxe4 52. Rc5 Ke6 53. Rc8 Kf5 54.
Rf8+ Kg4 55. Rc8 Kf3 56. Rc7 Kf2 57. Rc8 f3 58. Rc7 Kg2 59. Rg7+ Kf1 60. Rc7 f2 0-1

[Event "Late-Titled-Tuesday-Blitz-July-09-2024"]
[Site "Chess.com"]
[Date "2024.07.09"]
[Round "11"]
[White "Kombinator01"]
[Black "talaicito"]
[Result "1-0"]
[WhiteElo "2482"]
[BlackElo "2333"]
[TimeControl "180+1"]
[EndTime "16:04:56 PDT"]
[Termination "Kombinator01 won on time"]

1. d4 e6 2. e4 d5 3. exd5 exd5 4.
Nf3 Bd6 5. c4 c6 6. Nc3 Ne7 7.
Bd3 dxc4 8. Bxc4 O-O 9. O-O Nd7 10. Re1 Nb6 11. Bb3 Bg4 12. h3 Bh5 13. Qd3 Bg6 14. Qe2 Ned5 15. Ne5 Qh4 16. Nxd5 Nxd5 17. Bxd5 cxd5 18.
Qg4 Qxg4 19. hxg4 Rfe8 20. Bf4 Bxe5 21. Bxe5 Rac8 22. Bd6 f6 23. a4 a6 24. a5 Kf7 25.
Bc5 Bd3 26. f3 Rxe1+ 27. Rxe1 Re8 28. Rc1 Re2 29. b4 Bc4 30. Kh2 g6 31. Kg3 Ke6 32. Rh1 Rb2 33. Rxh7 Bf1 34. Rxb7 g5 35. f4 gxf4+ 36.
Kxf4 Rf2+ 37. Ke3 Re2+ 38. Kf3 f5 39. g5 f4 40. Kxf4 Re4+ 41. Kf3 Kf5 42. g4+ Kxg5 43.
Rg7+ Kf6 44. Rg8 Be2+ 45. Kg3 Kf7 46. Rg5 Kf6 47. Rxd5 Rxg4+ 48. Kf2 Bb5 49. Rd6+ Kf7 50. Rb6 1-0

[Event "Late-Titled-Tuesday-Blitz-July-09-2024"]
[Site "Chess.com"]
[Date "2024.07.09"]
[Round "11"]
[White "katharinareinecke"]
[Black "maurovargas01"]
[Result "1-0"]
[WhiteElo "2082"]
[BlackElo "1933"]
[TimeControl "180+1"]
[EndTime "16:04:56 PDT"]
[Termination "katharinareinecke won on time"]

1. d4 d5 2. Nf3 Bg4 3. g3 e6 4.
Bg2 Nd7 5. O-O f6 6. c4 c6 7. Nc3 dxc4 8. Nd2 Nb6 9. a4 a5 10. h3 Bh5 11. g4 Bg6 12. e3 Bd6 13. Nde4 Bc7 14. f4 f5 15. Nc5 Qe7 16. Nxb7 Nf6 17.
Nc5 Nfd5 18. Bd2 O-O 19. Qf3 Rad8 20. g5 Bd6 21. h4 Bxc5 22. dxc5 Qxc5 23. Nxd5 cxd5 24. Bc3 Be8 25. h5 Nxa4 26. Bd4 Qc6 27.
h6 g6 28. Qd1 Nc5 29. Bc3 Kf7 30. Qd4 Ke7 31. Qg7+ Rf7 32. Bf6+ Kd7 33. Qg8 Ne4 34. Bxe4 1-0

[Event "Late-Titled-Tuesday-Blitz-July-09-2024"]
[Site "Chess.com"]
[Date "2024.07.09"]
[Round "11"]
[White "krzyzan94"]
[Black "TigrVShlyape"]
[Result "0-1"]
[WhiteElo "2791"]
[BlackElo "2978"]
[TimeControl "180+1"]
[EndTime "16:04:57 PDT"]
[Termination "TigrVShlyape won on time"]

1. e4 c5 2. Nf3 e6 3. d4 cxd4 4. Nxd4 a6 5. Bd3 Bc5 6. Nb3 Ba7 7. Qe2 Ne7 8. Be3 d6 9. c4 e5 10. Nc3 O-O 11. Bxa7 Rxa7 12. O-O Nbc6 13. Rad1 Be6 14. Rd2 Qb8 15. Rfd1 Rd8 16. Qe3 b6 17. Be2 a5 18.
Nb5 Rad7 19. h3 Ng6 20. Bg4 Nf8 21. a4 h6 22. Bf5 Ne7 23. Bxe6 Nxe6 24. Na1 Ng6 25.
g3 Nc5 26. b3 Ne7 27. Nc2 f5 28. exf5 Nxf5 29. Qf3 Rf8 30. Qc6 Ne7 31. Qg2 Nxb3 32. Rxd6 Rxd6 33. Rxd6 Nc5 34. Ne3 e4 35. g4 Rd8 36.
Rxd8+ Qxd8 37. g5 h5 38. Nc3 Qd4 39. Ncd5 Ng6 40. Qg3 Nd3 41. Nf5 Qa1+ 42. Kh2 Nde5 43. Nde7+ Kf7 44. Nd6+ Kxe7 45. Nxe4 Qe1 46. Qa3+ Kf7 47.
Nd6+ Ke6 0-1

[Event "Late-Titled-Tuesday-Blitz-July-09-2024"]
[Site "Chess.com"]
[Date "2024.07.09"]
[Round "11"]
[White "OparinGrigoriy"]
[Black "SpeedofLight0"]
[Result "1/2-1/2"]
[WhiteElo "3024"]
[BlackElo "3118"]
[TimeControl "180+1"]
[EndTime "16:04:58 PDT"]
[Termination "Game drawn by repetition"]

1. d4 Nf6 2. Nf3 g6 3. g3 Bg7 4. Bg2 O-O 5. c4 b6 6. O-O Bb7 7. Re1 e6 8. Bf4 d6 9. Qc2 Be4 10. Qd2 c5 11. Nc3 Bb7 12. dxc5 dxc5 13. Rad1 Qxd2 14.
Rxd2 Nc6 15. Ne5 Nxe5 16. Bxe5 Bxg2 17. Kxg2 Rfd8 18. Red1 Rxd2 19. Rxd2 Ne4 20. Nxe4 Bxe5 21. b3 f5 22. Ng5 Re8 23. Rd7 Bf6 24. h4 h6 25. Nh3 Re7 26. Rd8+ Kf7 27. Nf4 Rc7 28. Rd6 Be5 29. Rd8 g5 30. hxg5 hxg5 31. Nd3 Bf6 32.
Ra8 e5 33. f3 Rd7 34. Nf2 Ke6 35. g4 fxg4 36. Nxg4 Rd2 37. Rxa7 Rxe2+ 38. Kg3 Be7 39.
Nf2 g4 40. Nxg4 Bg5 41. Ra6 Bf4+ 42. Kh3 Kf5 43. Rxb6 Rxa2 44. Kh4 Bg5+ 45. Kg3 Bf4+ 46. Kh4 Bg5+ 47. Kg3 Bf4+ 48. Kh4 1/2-1/2